 Dungeon Crawl Stone Soup version 0.18-a0-1454-g5e6cd1e (webtiles) character file.

420 Demise101 the Cleaver (level 6, 50/50 HPs)
             Began as a Minotaur Gladiator on Jan 9, 2016.
             Quit the game in the Ecumenical Temple on Feb 29, 2016.
             The game lasted 00:20:48 (3242 turns).

Demise101 the Cleaver (Minotaur Gladiator)          Turns: 3242, Time: 00:20:48

Health: 50/50      AC: 12    Str: 19    XL:     6   Next: 62%
Magic:  14/14      EV:  8    Int:  5    God:
Gold:   241        SH:  0    Dex: 13    Spells: 0 memorised, 5 levels left

rFire  . . .     SeeInvis .     a - +1 war axe
rCold  . . .     Gourm    .     C - +0 chain mail
rNeg   . . .     Faith    .     (no shield)
rPois  .         Spirit   .     c - +0 hat
rElec  .         Dismiss  .     p - +0 cloak
rCorr  .         Reflect  .     m - +0 pair of gloves
SustAt .         Harm     .     (no boots)
MR     .....                    z - amulet of rage
Stlth  ..........               o - ring of magical power
                                w - +2 ring of protection

@: not resistant to hostile enchantments, extremely unstealthy
A: retaliatory headbutt, horns 2
a: Evoke Berserk Rage


You were in the Ecumenical Temple.
You were not hungry.

You visited 2 branches of the dungeon, and saw 5 of its levels.
You also visited: Sewer.

You collected 241 gold pieces.

Inventory:

Hand Weapons
 a - a +1 war axe (weapon)
 b - a +0 spear of venom
 t - a +0 dagger of venom
Missiles
 d - 3 throwing nets (quivered)
 n - 162 stones
Armour
 c - a +0 hat (worn)
 m - a +0 pair of gloves (worn)
 p - a +0 cloak (worn)
 C - a +0 chain mail (worn)
Jewellery
 o - a ring of magical power (right hand)
 w - a +2 ring of protection (left hand)
 z - an amulet of rage (around neck)
Wands
 B - a wand of digging (14/24)
Scrolls
 e - a scroll of remove curse
 h - 2 scrolls of noise {unknown}
 q - a scroll of fog {unknown}
 y - a scroll of blinking {unknown}
 A - a scroll of teleportation {unknown}
Potions
 i - 2 potions of curing
 j - a potion of flight
 k - 3 potions of might
 l - 2 potions of brilliance
 u - 3 potions of haste
 v - a potion of heal wounds
 x - a potion of cure mutation {unknown}
Comestibles
 f - 2 bread rations
 g - 2 meat rations
 r - a royal jelly
 s - 4 chunks of flesh


   Skills:
 + Level 2.4 Fighting
 * Level 9.1 Axes
 - Level 2.0 Throwing
 + Level 0.0 Armour
 - Level 3.2 Dodging


You had 5 spell levels left.
You didn't know any spells.

Dungeon Overview and Level Annotations

Branches:
Dungeon (4/15)             Temple (1/1) D:4

Altars:
Ashenzari
Dithmenos
Fedhas
Gozag
Pakellas
Trog
Xom
Yredelemnul
The Shining One

Shops:
D:3 *   D:4 (

Annotations:
D:2 1 exclusion, Sigmund


Innate Abilities, Weirdness & Mutations

You reflexively headbutt those who attack you in melee.
You have a pair of horns on your head.


Message History

Unknown command.
No target in view!
Welcome back, Demise101 the Minotaur Gladiator.
Press ? for a list of commands and other information.
Welcome back, Demise101 the Minotaur Gladiator.
Press ? for a list of commands and other information.
Welcome back, Demise101 the Minotaur Gladiator.
Press ? for a list of commands and other information.
Unknown command.
Unknown command.
That item cannot be evoked!
Unknown command.
Evoke which item? (* to show all) (? for menu, Esc to quit)
Okay, then.
Evoke which item? (* to show all) (? for menu, Esc to quit)
Okay, then.
Unknown command.
Unknown command.
Unknown command.
Are you sure you want to abandon this character and quit the game? (Confirm with "yes".)

.P......≈≈≈≈≈≈≈≈ ≈≈≈≈≈..
..........≈≈≈≈≈≈ ≈≈≈≈≈.....
........P..≈≈≈≈≈ ≈≈≈≈.....
#######....<....≈≈≈≈ ≈≈≈≈..P..
###.....###.......≈≈≈≈
≈≈≈......###...._....###.......≈≈
≈..P.♣..##..._....._...##......≈≈
≈..♣....'...............#.......≈
≈.......'.......@..._...#..P....≈
≈≈......'...............#...♣...≈
≈≈......##..._....._...##.......≈
≈≈≈......###...._....###.♣....≈≈≈
≈≈≈≈.......###.....###........≈≈≈
≈≈≈≈≈........#######........≈≈≈≈≈
≈≈≈≈≈.......................≈≈≈≈≈
≈≈≈≈≈≈.....................≈≈≈≈≈≈
≈≈≈≈≈≈≈..P..♣.......P.....≈≈≈≈≈≈≈


There were no monsters in sight!

Vanquished Creatures
  Purgy (Sewer)
  2 hounds
  3 orc wizards (D:3)
  Terence (D:2)
  Robin (D:3)
  A gnoll (D:2)
  4 adders (D:3)
  An ooze (D:3)
  2 worms
  A giant gecko (D:3)
  11 orcs
  3 giant cockroaches
  13 goblins
  7 hobgoblins
  7 jackals
  4 kobolds
  9 bats
  3 giant newts
  8 rats
82 creatures vanquished.

Notes
Turn   | Place    | Note
--------------------------------------------------------------
     0 | D:1      | Demise101 the Minotaur Gladiator began the quest for the Orb.
     0 | D:1      | Reached XP level 1. HP: 18/18 MP: 0/0
   186 | D:1      | Reached skill level 4 in Axes
   283 | D:1      | Reached XP level 2. HP: 13/25 MP: 1/1
  1019 | D:2      | Noticed Sigmund
  1106 | D:2      | Found an oddly glowing altar of Pakellas.
  1148 | D:2      | Found a faded altar to an unknown god.
  1164 | D:2      | Noticed Terence
  1219 | D:2      | Killed Terence
  1219 | D:2      | Reached skill level 5 in Axes
  1219 | D:2      | Reached XP level 3. HP: 24/30 MP: 2/2
  1818 | D:3      | Reached XP level 4. HP: 37/37 MP: 3/3
  1838 | D:3      | Reached skill level 6 in Axes
  2069 | D:3      | Noticed Robin
  2090 | D:3      | Killed Robin
  2218 | D:3      | Reached XP level 5. HP: 42/42 MP: 4/4
  2229 | D:3      | Found Gozag's Platinum Reserve.
  2230 | D:3      | Found an opulent altar of Gozag.
  2307 | D:3      | Found a glowing drain.
  2309 | D:3      | Reached skill level 7 in Axes
  2319 | Sewer    | Entered a sewer
  2342 | Sewer    | Noticed Purgy
  2348 | Sewer    | Killed Purgy
  2348 | Sewer    | Reached skill level 8 in Axes
  2542 | D:3      | Reached XP level 6. HP: 50/50 MP: 5/5
  2996 | D:4      | Found Sushrism's Antique Weapon Boutique.
  3030 | D:4      | Reached skill level 9 in Axes
  3188 | D:4      | Found a staircase to the Ecumenical Temple.
  3202 | Temple   | Entered the Ecumenical Temple
  3242 | Temple   | Upgraded the game from 0.18-a0-1035-g72c9994 to 0.18-a0-1036-g7ac1859
  3242 | Temple   | Upgraded the game from 0.18-a0-1036-g7ac1859 to 0.18-a0-1454-g5e6cd1e
  3242 | Temple   | Quit the game

Vault maps used:
D:1:      elethiomel_arrival_infinity_welcomes_careful_drivers
D:2:      old_standard_altar, kiku_gazebo_pond_becter, ecumenical_altar_1,
          uniq_sigmund, uniq_crazy_yiuf_cottage, uniq_terence
D:3:      nicolae_gozag_zags_fifth_avenue, portal_sewer_entry_d,
          due_unseen_surprise, uniq_robin
D:4:      lemuel_round_altar, minmay_temple_entry_butterflies, serial_shops,
          shop, shop, kennysheep_mini_moat, minmay_vboxes
Temple:   temple_island_7
Sewer:    sewer_big_baddie

Skill      XL: |  1  2  3  4  5  6 |
---------------+-------------------+-----
Axes           | 4 5 6 8 9 |  9.1
Fighting       | |  2.4
Throwing       | |  2.0
Dodging        | |  3.2

Action                   |  1- 3 |  4- 6 || total
-------------------------+-------+-------++-------
Melee: War axe           |    34 |   105 ||   139
       Dagger            |     5 |       ||     5
       Spear             |     3 |     4 ||     7
Throw: Throwing net      |     1 |       ||     1
  Use: Scroll            |     6 |     4 ||    10
       Potion            |       |     1 ||     1
  Eat: Chunk             |     3 |     4 ||     7
